 Dungeon Crawl Stone Soup version 0.25.1-2-g60ff931df9 (webtiles) character file.

Game seed: 17087981466676282168

3805 Martska the Fighter (level 9, 0/81 HPs)
             Began as a Minotaur Fighter on Sept 28, 2020.
             Was a Believer of the Shining One.
             Killed from afar by Erica (4 damage)
             ... with a bolt of poison
             ... on level 8 of the Dungeon.
             The game lasted 00:10:27 (6246 turns).

Martska the Fighter (Minotaur Fighter)              Turns: 6246, Time: 00:10:28

Health: 0/81       AC: 11    Str: 22    XL:     9   Next: 96%
Magic:  11/11      EV: 14    Int:  5    God:    the Shining One [**....]
Gold:   403        SH:  5    Dex: 12    Spells: 8/8 levels left

rFire    . . .     SeeInvis .   B - +0 battleaxe
rCold    . . .     Gourm    .   (shield currently unavailable)
rNeg     + . .     Faith    .   C - +1 ring mail {rPois}
rPois    +         Spirit   .   (helmet restricted)
rElec    .         Reflect  +   L - +0 cloak
rCorr    .         Harm     .   q - +1 pair of gloves {archery}
MR       .....                  (no boots)
Stlth    +.........             x - amulet of reflection
HPRegen  0.23/turn              (no ring)
MPRegen  0.12/turn              (no ring)

@: mighty, lethally poisoned (0 -> -8), slowed, glowing, very slow
A: retaliatory headbutt, horns 2
a: Divine Shield, Renounce Religion


You were on level 8 of the Dungeon.
You worshipped the Shining One.
The Shining One was pleased with you.
You were not hungry.

You visited 1 branch of the dungeon, and saw 8 of its levels.
You also visited: Sewer.

You collected 403 gold pieces.

Inventory:

Hand Weapons
 a - a +1 war axe
 B - a +0 battleaxe (weapon)
 E - a +2 flail of holy wrath
Armour
 b - a +0 scale mail
 c - a +0 kite shield
 q - a +1 pair of gloves of archery (worn)
 C - a +1 ring mail of poison resistance (worn)
 L - a +0 cloak (worn)
Jewellery
 r - an uncursed ring of attention
 x - an amulet of reflection (around neck)
 y - an uncursed amulet of regeneration {unknown}
 K - a cursed ring of teleportation {unknown}
 M - the amulet "Guwuohe" {Spirit rF+ Dex+3 Slay+2, unknown}
   (You found it on level 8 of the Dungeon)

   [amulet of guardian spirit]

   It causes incoming damage to be split between your health and magic.
   It affects your dexterity (+3).
   It affects your accuracy and damage with ranged weapons and melee attacks
   (+2).
   It protects you from fire.
Wands
 A - a wand of disintegration (21)
 G - a wand of polymorph (10)
Scrolls
 e - 3 scrolls of blinking {unknown}
 g - 2 scrolls of magic mapping {unknown}
 j - a scroll of immolation {unknown}
 l - a scroll of enchant weapon
 n - 4 scrolls of remove curse
 s - 2 scrolls of amnesia
 t - 2 scrolls of fog
 w - 3 scrolls of teleportation {unknown}
 D - a scroll of enchant armour {unknown}
 F - a scroll of fear {unknown}
 J - a scroll of identify
Potions
 d - 6 potions of might
 h - 6 potions of heal wounds
 i - a potion of invisibility {unknown}
 k - 5 potions of flight
 m - 4 potions of lignification {unknown}
 o - 3 potions of berserk rage {unknown}
 p - 3 potions of brilliance {unknown}
 u - a potion of ambrosia {unknown}
 v - 5 potions of curing {unknown}
 z - 3 potions of degeneration {unknown}
 H - 2 potions of haste {unknown}
Comestibles
 f - 15 rations
 I - 4 chunks of flesh


   Skills:
 * Level 8.2 Fighting
 * Level 7.7 Axes
 * Level 8.1 Armour
 * Level 6.5 Dodging
 - Level 6.1 Shields
 * Level 4.2 Invocations
 * Level 3.7 Evocations


You had 8 spell levels left.
You didn't know any spells.
Your spell library contained the following spells:

 Spells                   Type           Power        Failure   Level  Hunger
 Foxfire                  Conj/Fire      #...         63%         1    ##.....
 Infusion                 Chrm           #...         63%         1    ##.....
 Summon Small Mammal      Summ           #...         63%         1    ##.....
 Call Imp                 Summ           #.......     77%         2    ###....
 Shroud of Golubria       Chrm/Tloc      #.....       77%         2    ###....
 Song of Slaying          Chrm           #.......     77%         2    ###....
 Call Canine Familiar     Summ           #.......     94%         3    ####...
 Conjure Flame            Conj/Fire      #.......     94%         3    ####...
 Inner Flame              Hex/Fire       #.......     94%         3    ####...
 Ozocubu's Armour         Chrm/Ice       #.......     94%         3    ####...
 Spectral Weapon          Hex/Chrm       #.......     94%         3    ####...
 Summon Guardian Golem    Hex/Summ       #.......     94%         3    ####...
 Sticky Flame             Conj/Fire      #.......     100%        4    #####..
 Summon Ice Beast         Ice/Summ       #.......     100%        4    #####..
 Summon Lightning Spire   Summ/Air       #.......     100%        4    #####..
 Fireball                 Conj/Fire      #.........   100%        5    ######.


Dungeon Overview and Level Annotations

Branches:
Dungeon (8/15)             Temple (0/1) D:6           Sewer (visited)
   Lair: D:8-11

Altars:
Elyvilon
Fedhas
Gozag
Hepliaklqana
Okawaru
Trog
Xom
Yredelemnul
Zin
The Shining One

Shops:
D:4 =

Annotations:
D:3 2 transporters, Lavandula's ghost, amateur CeAM
D:8 Erica


Innate Abilities, Weirdness & Mutations

You reflexively headbutt those who attack you in melee.
You have a pair of horns on your head.


Message History

Erica hits you with a +0 scimitar of flaming!
* * * LOW HITPOINT WARNING * * *
Erica burns you.
* * * LOW HITPOINT WARNING * * *
The gnoll sergeant hits you from afar with a +3 vampiric spear.
* * * LOW HITPOINT WARNING * * *
Erica gestures at you while chanting.
You feel as though you will be slow longer.
You block the gnoll sergeant's attack.
You hit Erica.
Erica is almost dead.
Erica gestures at you while chanting. You resist with significant effort.
The gnoll sergeant hits you from afar with a +3 vampiric spear!
* * * LOW HITPOINT WARNING * * *
Erica gestures at you while chanting. The bolt of poison hits you.
You are lethally poisoned!
You resist.
You die...

......#..#.##.).#####.
.>....##....#)).......
.(...<####..#..#.....#
......# #..##..#####.
......# ## .#..#
......# #..# ......#
#..# # ......#
##..##g##..# .......
#..#@@...# #######
#...........
#...#####... #|#### #
##


You could see Erica and a gnoll sergeant.

Vanquished Creatures
  A two-headed ogre (D:8)
  A gargoyle (D:8)
  A hippogriff (D:7)
  A spriggan (D:7)
  Edmund (D:6)
  A sky beast (D:8)
  An ice beast (D:8)
  An orc warrior (D:8)
  A phantom (D:4)
  An ogre (D:7)
  A big kobold (Sewer)
  7 bullfrogs
  A wyvern zombie (D:6)
  A scorpion (D:4)
  4 wights (D:6)
  2 howler monkeys
  A crimson imp (D:5)
  A centaur zombie (D:4)
  Crazy Yiuf (D:7)
  2 orc priests
  5 hounds
  2 centaur skeletons
  14 worker ants
  4 orc wizards
  A killer bee zombie (D:8)
  A hound zombie (D:8)
  A hound skeleton (D:8)
  6 adders
  3 gnolls (D:6)
  2 river rats (D:3)
  2 oozes
  2 adder skeletons (D:4)
  2 worms
  5 dart slugs
  3 leopard geckos
  18 orcs
  6 ball pythons
  20 bats
  6 giant cockroaches
  11 goblins
  8 hobgoblins
  8 jackals
  16 kobolds
  3 quokkas
  7 frilled lizards
  16 rats
203 creatures vanquished.

Notes
Turn   | Place    | Note
-------+----------+-------------------------------------------
     0 | D:1      | Martska the Minotaur Fighter began the quest for the Orb.
     0 | D:1      | Reached XP level 1. HP: 19/19 MP: 0/0
   124 | D:1      | Reached XP level 2. HP: 25/27 MP: 1/1
   354 | D:1      | Reached skill level 1 in Dodging
   481 | D:1      | Reached XP level 3. HP: 33/33 MP: 2/2
   675 | D:2      | Reached XP level 4. HP: 24/40 MP: 3/3
   959 | D:2      | Found a hazy altar of Hepliaklqana.
  1620 | D:2      | Reached XP level 5. HP: 46/47 MP: 4/4
  2032 | D:3      | Found a white marble altar of Elyvilon.
  2033 | D:3      | Found a glowing silver altar of Zin.
  2035 | D:3      | Found a glowing golden altar of the Shining One.
  2063 | D:3      | Became a worshipper of the Shining One
  2084 | D:3      | Found a transporter.
  2460 | D:3      | Found a glowing drain.
  2469 | Sewer    | Entered a sewer
  2518 | Sewer    | Reached skill level 5 in Shields
  2518 | Sewer    | Reached XP level 6. HP: 55/55 MP: 5/5
  2723 | Sewer    | Reached skill level 5 in Fighting
  2934 | D:3      | Noticed Lavandula's ghost (amateur CeAM)
  2935 | D:3      | Identified the +4 dire flail of Bodily Humours {vorpal, rF+
                  | Str+6}
  2936 | D:3      | Found a transporter.
  3025 | D:3      | Found a shimmering altar of Xom.
  3140 | D:4      | Reached skill level 5 in Armour
  3228 | D:4      | Reached * piety under the Shining One
  3242 | D:4      | Reached XP level 7. HP: 60/61 MP: 6/6
  3261 | D:4      | Found a glowing silver altar of Zin.
  3519 | D:4      | Reached skill level 5 in Axes
  3602 | D:4      | Found a blossoming altar of Fedhas.
  3621 | D:4      | Found Kolepack's Jewellery Shop.
  3898 | D:4      | Found an iron altar of Okawaru.
  4031 | D:5      | Entered Level 5 of the Dungeon
  4377 | D:5      | Found an iron altar of Okawaru.
  4462 | D:6      | Reached ** piety under the Shining One
  4554 | D:6      | Found a basalt altar of Yredelemnul.
  4571 | D:6      | Reached XP level 8. HP: 60/70 MP: 7/7
  4815 | D:6      | Noticed Edmund
  4825 | D:6      | Killed Edmund
  4825 | D:6      | Reached skill level 1 in Invocations
  4825 | D:6      | Reached skill level 1 in Evocations
  4955 | D:6      | Found an opulent altar of Gozag.
  5092 | D:6      | Found a staircase to the Ecumenical Temple.
  5262 | D:7      | Reached skill level 5 in Dodging
  5270 | D:7      | Noticed a hippogriff
  5278 | D:7      | Killed a hippogriff
  5533 | D:7      | Reached XP level 9. HP: 79/79 MP: 9/9
  5630 | D:7      | Found a runed translucent door.
  5631 | D:7      | Noticed Crazy Yiuf
  5797 | D:7      | Found a bloodstained altar of Trog.
  5910 | D:7      | Killed Crazy Yiuf
  6051 | D:8      | Got a twitching bronze amulet
  6219 | D:8      | Noticed a two-headed ogre
  6221 | D:8      | Noticed a gargoyle
  6228 | D:8      | Killed a gargoyle
  6231 | D:8      | Killed a two-headed ogre
  6240 | D:8      | Noticed Erica
  6246 | D:8      | HP: 4/81 [gnoll sergeant/+3 vampiric spear (10)]
  6246 | D:8      | Killed from afar by Erica

Illustrated notes

Levels and vault maps discovered:
D:1:      saegor_arrival_simple_a, layout_loops_ring
D:2:      layout_basic, nicolae_overflow_crystal_walls
D:3:      layout_basic, good_gods_mini_temple, gammafunk_ghost_smash,
          portal_sewer_entry_b, tgw_xom
D:4:      layout_cave_pools, fedhas_altar_2, kennysheep_mini_moat, serial_shops,
          shop, minmay_ruined_shrine
D:5:      layout_cave_pools, first_ration, basic_altar
D:6:      layout_cave_pools, marbit_many_paths, lemuel_crystal_altar,
          minmay_temple_entry_nine_rooms, uniq_edmund
D:7:      layout_cave_pools, lightli_temple_of_fire, the_bakery,
          uniq_crazy_yiuf_cottage
D:8:      layout_rooms, nicolae_ru_path_of_blood, grunt_temple_overflow_open,
          hangedman_decor_diamond_cutter, minmay_pinched_square, uniq_erica

Skill      XL: |  1  2  3  4  5  6  7  8  9 |
---------------+----------------------------+-----
Dodging        | 1 2 3 4 5 6 |  6.5
Fighting       | 4 5 6 7 8 |  8.2
Armour         | 4 5 6 7 8 |  8.1
Shields        | 4 5 6 |  6.1
Axes           | 3 4 5 6 7 |  7.7
Invocations    | 2 4 |  4.2
Evocations     | 2 3 |  3.7

Action                   |  1- 3 |  4- 6 |  7- 9 || total
-------------------------+-------+-------+-------++-------
Melee: War axe           |    68 |   230 |    66 ||   364
       Headbutt          |     8 |    29 |    24 ||    61
       Battleaxe         |       |       |    96 ||    96
  Use: Scroll            |       |     2 |     6 ||     8
       Potion            |       |       |     2 ||     2
  Eat: Chunk             |       |     8 |     6 ||    14
       Ration            |       |       |     1 ||     1
Armor: Scale mail        |    37 |   119 |    33 ||   189
       Ring mail         |       |       |    17 ||    17
Dodge: Dodged            |    29 |    92 |    80 ||   201
Block: Kite shield       |    40 |   127 |    37 ||   204
       Other             |       |       |    29 ||    29
